 Dungeon Crawl Stone Soup version 0.25.1-2-g60ff931df9 (webtiles) character file.

Game seed: 3701962832417832923

2790 DearestLeader the Grappler (level 9, -4/68 HPs)
             Began as a Demonspawn Gladiator on Oct 18, 2020.
             Slain by Menkaure (7 damage)
             ... on level 7 of the Dungeon.
             The game lasted 00:20:03 (8712 turns).

DearestLeader the Grappler (Demonspawn Gladiator)   Turns: 8712, Time: 00:20:04

Health: -4/68      AC: 15    Str: 16 (18) XL:     9   Next: 43%
Magic:  0/9        EV:  8    Int: 12 (13) God:
Gold:   230        SH:  0    Dex: 12 (14) Spells: 8/8 levels left

rFire    . . .     SeeInvis +   L - +3 halberd (flame)
rCold    . . .     Gourm    .   (shield currently unavailable)
rNeg     . . .     Faith    .   i - +0 chain mail
rPois    .         Spirit   +   c - +1 helmet
rElec    .         Reflect  .   s - +0 cloak
rCorr    .         Harm     .   (gloves unavailable)
MR       ++...                  (no boots)
Stlth    ..........             F - amulet of magic regeneration
HPRegen  0.21/turn              a - ring of the Mage {Wiz MR++ Int+3}
MPRegen  0.36/turn              B - ring of see invisible

@: no status effects
A: claws 3, fangs 2, slimy green scales 1, blurry vision 1, foul stench 1, magic
shield, rot immunity
a: no special abilities


You were on level 7 of the Dungeon.
You were not hungry.

You visited 2 branches of the dungeon, and saw 8 of its levels.

You collected 329 gold pieces.
You spent 99 gold pieces at shops.

Inventory:

Hand Weapons
 L - a +3 halberd of flaming (weapon)
Missiles
 d - 3 throwing nets
 h - 51 poisoned darts (quivered)
 n - 4 curare-tipped darts
Armour
 c - a +1 helmet (worn)
 i - a +0 chain mail (worn)
 s - a +0 cloak (worn)
Jewellery
 a - the ring of the Mage (left claw) {Wiz MR++ Int+3}
   (You found it on level 6 of the Dungeon)

   [ring of wizardry]

   It improves your spell success rate.
   It affects your intelligence (+3).
   It affects your resistance to hostile enchantments.
 b - an uncursed ring of protection from cold
 l - an uncursed ring of protection from cold
 q - an uncursed ring of fire
 r - an uncursed ring of protection from fire
 B - a ring of see invisible (right claw)
 F - an amulet of magic regeneration (around neck)
Wands
 G - a wand of flame (17)
 I - a wand of clouds (5)
 K - a wand of random effects (17)
Scrolls
 e - 2 scrolls of fear
 p - 4 scrolls of blinking
 u - 3 scrolls of immolation
 w - a scroll of summoning {unknown}
 x - 5 scrolls of teleportation
 y - a scroll of amnesia
 z - 3 scrolls of fog {unknown}
 A - 5 scrolls of remove curse
 D - 2 scrolls of magic mapping
 M - a scroll of silence {unknown}
Potions
 j - 3 potions of magic
 k - a potion of resistance
 E - a potion of might
 J - a potion of flight {unknown}
Comestibles
 f - 8 rations


   Skills:
 - Level 5.0 Fighting
   Level 2.6(3.1) Axes
   Level 2.3(3.0) Maces & Flails
 - Level 1.7 Throwing
 + Level 6.5 Armour
 - Level 3.0 Dodging
 * Level 8.4 Unarmed Combat


You had 8 spell levels left.
You didn't know any spells.
Your spell library contained the following spells:

 Spells                   Type           Power        Failure   Level  Hunger
 Magic Dart               Conj           #...         85%         1    ##.....
 Blink                    Tloc           N/A          92%         2    ###....
 Call Imp                 Summ           #.......     92%         2    ###....
 Slow                     Hex            #.......     92%         2    ###....
 Conjure Flame            Conj/Fire      #.......     99%         3    ####...
 Mephitic Cloud           Conj/Pois/Air  #.......     99%         3    ####...


Dungeon Overview and Level Annotations

Branches:
Dungeon (7/15)             Temple (1/1) D:5

Altars:
Ashenzari
Dithmenos
Fedhas
Gozag
Hepliaklqana
Kikubaaqudgha
Nemelex Xobeh
Okawaru
Ru
Sif Muna
Uskayaw
Vehumet
Wu Jian
Xom
Yredelemnul
Zin
The Shining One

Shops:
D:6 (   D:7 ?

Annotations:
D:4 exclusion: oklob plant
D:7 Menkaure


Innate Abilities, Weirdness & Mutations

You have claws for hands.
You are partially covered in slimy green scales. (AC +2)
You may emit foul miasma when damaged in melee.
When hurt, damage is shared between your health and your magic reserves.
You are immune to rotting.
You have extremely sharp teeth.
Scrolls take you a little longer to read.


Message History

A jelly comes into view.
Menkaure calls on the powers of darkness!
The ogre convulses!
Your body is wracked with pain!
The jelly convulses!
Menkaure mumbles some strange words.
Menkaure seems to speed up.
Menkaure calls on the powers of darkness!
The ogre convulses!
Your body is wracked with pain!
* * * LOW HITPOINT WARNING * * *
The ogre hits you with a +0 giant club!!
* * * LOW HITPOINT WARNING * * *
The ogre looks sick.
You emit a cloud of foul miasma!
The ogre is engulfed in dark miasma.
The ogre is poisoned.
You kill the ogre!
Menkaure giggles, "These cerements are ticklish..."
You slash Menkaure! You burn Menkaure.
Menkaure is heavily damaged.
Menkaure hits you.
* * * LOW HITPOINT WARNING * * *
Menkaure hits you!
You die...

#.......((..########........ ..
#........(.#......##........ ...
#++∩.....+.............###
..#.#.###....(.#.............#..
.)..........)..#########..###..
#.##########..#8###8###..# #.>
.#.#.........##.........##..#
#..
...#.........##.........8#..#
#.. #........).J..M@.......##..#
#..
...#....#####....#8##...##..#
#.. #........#....### ..##..#
#.. .###.......#....# .⌠#..###..
.......M.####....# ##.......
#####............# #....... ..
#..J.......... #.[..... ..
#.#....##.##... #.......
...........+ .. #..[....


You could see Menkaure (fast) and a jelly.

Vanquished Creatures
  3 hippogriffs (D:7)
  A water moccasin (D:6)
  2 phantoms
  A necrophage (D:5)
  An orc warrior (D:6)
  2 ogres
  2 centaurs
  A crocodile (D:7)
  Blork the orc (D:5)
  2 bullfrogs
  A scorpion (D:3)
  3 crimson imps
  4 hounds
  A quasit (D:5)
  A centaur zombie (D:6)
  3 orc priests
  4 jellies
  2 centaur skeletons
  An iguana (D:5)
  3 bullfrog skeletons
  3 orc wizards
  6 worker ants
  A hound zombie (D:6)
  A howler monkey skeleton (D:4)
  4 gnolls
  10 adders
  3 river rats (D:5)
  A shadow imp (D:6)
  An ooze (D:5)
  8 worms
  2 dart slugs
  3 leopard geckos
  31 orcs
  3 ball pythons
  16 bats
  5 giant cockroaches
  8 goblins
  6 hobgoblins
  A quokka (D:3)
  3 frilled lizards
  5 kobolds
  A quokka zombie (D:7)
  16 rats
177 creatures vanquished.

Vanquished Creatures (others)
  An iguana (D:6)
  19 toadstools (D:4)
20 creatures vanquished.

Grand Total: 197 creatures vanquished

Notes
Turn   | Place    | Note
-------+----------+-------------------------------------------
     0 | D:1      | DearestLeader the Demonspawn Gladiator began the quest for
                  | the Orb.
     0 | D:1      | Reached XP level 1. HP: 16/16 MP: 1/1
   251 | D:1      | Gained mutation: When hurt, damage is shared between your
                  | health and your magic reserves. [demonic ancestry]
   251 | D:1      | Reached XP level 2. HP: 21/22 MP: 2/2
   638 | D:1      | Reached skill level 1 in Armour
  1093 | D:2      | Gained mutation: You are partially covered in slimy green
                  | scales. (AC +2) [demonic ancestry]
  1093 | D:2      | Reached XP level 3. HP: 23/28 MP: 1/3
  1380 | D:2      | Reached skill level 1 in Maces & Flails
  2017 | D:2      | Gained mutation: You have sharp fingernails. [demonic
                  | ancestry]
  2017 | D:2      | Reached XP level 4. HP: 34/34 MP: 4/4
  2360 | D:3      | Found a shattered altar of Ashenzari.
  2407 | D:3      | Reached XP level 5. HP: 21/41 MP: 2/5
  2930 | D:4      | Reached skill level 1 in Unarmed Combat
  3198 | D:4      | Gained mutation: You have very sharp fingernails. [demonic
                  | ancestry]
  3198 | D:4      | Reached XP level 6. HP: 36/47 MP: 6/6
  3483 | D:4      | Found a blossoming altar of Fedhas.
  3494 | D:4      | Noticed an oklob plant
  3977 | D:3      | Reached skill level 2 in Unarmed Combat
  4448 | D:5      | Entered Level 5 of the Dungeon
  4814 | D:5      | Found a staircase to the Ecumenical Temple.
  4825 | Temple   | Entered the Ecumenical Temple
  4949 | D:5      | Reached skill level 3 in Unarmed Combat
  5050 | D:5      | Reached XP level 7. HP: 16/54 MP: 3/7
  5067 | D:5      | Reached skill level 4 in Unarmed Combat
  5126 | D:5      | HP: 3/82 [river rat (3)]
  5130 | D:5      | HP: 1/82 [river rat (2)]
  5956 | D:5      | Gained mutation: You are immune to rotting. [demonic
                  | ancestry]
  5956 | D:5      | Reached XP level 8. HP: 57/61 MP: 8/8
  6032 | D:5      | Reached skill level 5 in Fighting
  6187 | D:5      | Noticed Blork the orc
  6208 | D:5      | Killed Blork the orc
  6208 | D:5      | Reached skill level 5 in Unarmed Combat
  6234 | D:5      | Found a basalt altar of Yredelemnul.
  6824 | D:6      | Reached skill level 5 in Armour
  6852 | D:6      | Found the ring of the Mage {Wiz MR++ Int+3}
  6928 | D:6      | Reached skill level 6 in Unarmed Combat
  7080 | D:6      | Found Utrang's Antique Weapon Boutique.
  7135 | D:6      | Found an opulent altar of Gozag.
  7254 | D:7      | Noticed a hippogriff
  7260 | D:7      | Killed a hippogriff
  7373 | D:6      | Reached skill level 7 in Unarmed Combat
  7373 | D:6      | HP: 3/62 [poisoned by a water moccasin]
  7377 | D:6      | Gained mutation: Scrolls take you a little longer to read.
                  | [potion of mutation]
  7377 | D:6      | Gained mutation: You have very sharp teeth. [potion of
                  | mutation]
  7377 | D:6      | Gained mutation: You have extremely sharp teeth. [potion of
                  | mutation]
  7377 | D:6      | Gained mutation: You have claws for hands. [potion of
                  | mutation]
  7601 | D:6      | Gained mutation: You may emit foul miasma when damaged in
                  | melee. [demonic ancestry]
  7601 | D:6      | Reached XP level 9. HP: 26/68 MP: 6/9
  8339 | D:7      | Reached skill level 8 in Unarmed Combat
  8604 | D:7      | Found Lueqidgh's Magic Scroll Shoppe.
  8671 | D:7      | Bought a scroll of teleportation for 33 gold pieces
  8671 | D:7      | Bought a scroll of teleportation for 33 gold pieces
  8671 | D:7      | Bought a scroll of teleportation for 33 gold pieces
  8691 | D:7      | Noticed Menkaure
  8705 | D:7      | HP: 2/68 [ogre/+0 giant club (14)]
  8711 | D:7      | HP: 3/68 [Menkaure (1)]
  8712 | D:7      | Slain by Menkaure

Illustrated notes

Levels and vault maps discovered:
D:1:      kilobyte_arrival_exit_the_forest, layout_basic, serial_forest,
          infiniplex_forest_straight_4, infiniplex_forest_clump_double,
          infiniplex_forest_straight_3, infiniplex_forest_clump_diagonal,
          infiniplex_forest_clump_C, infiniplex_forest_clump_diagonal,
          infiniplex_forest_clump_tiny, infiniplex_forest_straight_3
D:2:      layout_basic
D:3:      layout_rooms, ashenzari_altar_1
D:4:      layout_cave_pods, tgw_fedhas
D:5:      layout_basic, overflow_temple_1_default,
          minmay_temple_entry_crystal_x, first_ration,
          lightli_sewer_entry_pipes, uniq_blork_the_orc
D:6:      layout_rooms, kennysheep_mini, serial_shops, shop,
          lemuel_flamethrower_2
D:7:      layout_basic, serial_shops, shop, serial_corexii_hall,
          corexii_hall_statues_u, corexii_hall_statues_u, uniq_pikel,
          uniq_menkaure
Temple:   eino_temple_lava

Skill      XL: |  1  2  3  4  5  6  7  8  9 |
---------------+----------------------------+-----
Armour         | 1 2 3 4 5 6 |  6.5
Dodging        | 3 |  3.0
Maces & Flails | 1 2 |  2.3
Fighting       | 3 4 5 |  5.0
Unarmed Combat | 1 3 4 7 8 |  8.4
Axes           | |  2.6
Throwing       | |  1.7

Action                   |  1- 3 |  4- 6 |  7- 9 || total
-------------------------+-------+-------+-------++-------
Melee: War axe           |    22 |       |       ||    22
       Mace              |   111 |   302 |   193 ||   606
       Punch             |       |     3 |     3 ||     6
       Halberd           |       |       |   235 ||   235
       Bite              |       |       |    10 ||    10
Throw: Dart              |       |     2 |     8 ||    10
  Use: Scroll            |       |     9 |     4 ||    13
       Potion            |       |     3 |     7 ||    10
  Eat: Chunk             |     4 |     6 |    13 ||    23
       Ration            |       |     1 |       ||     1
Armor: Leather armour    |    66 |    36 |       ||   102
       Chain mail        |       |   199 |   382 ||   581
       Skin              |       |    23 |    95 ||   118
Dodge: Dodged            |   121 |   238 |   235 ||   594
